 Dungeon Crawl Stone Soup version 0.31-a0-795-g5eb97db20b (webtiles) character file.

Game seed: 18390750672083137131

97785 Dirtsage the Fighter (level 15, -1/186 HPs)
             Began as a Demonspawn Berserker on Sept 18, 2023.
             Was the Champion of Trog.
             Hit by a silver javelin thrown by a merfolk javelineer (3 damage)
             ... on level 2 of the Shoals.
             The game lasted 01:00:24 (21388 turns).

Dirtsage the Fighter (Demonspawn Berserker)        Turns: 21388, Time: 01:00:24

Health: -1/186     AC: 21    Str: 25    XL:     15   Next: 73%
Magic:  15/15      EV: 18    Int: 10    God:    Trog [******]
Gold:   1657       SH: 14    Dex: 18    Spells: 14/14 levels left

rFire   + + +        y - +9 lance "Wyrmbane" {slay drac, rPois rF+ rC+ AC+3}
rCold   + + .        r - +1 kite shield {reflect}
rNeg    + . .        k - +0 fire dragon scales
rPois   +            (helmet unavailable)
rElec   .            p - scarf {shadows}
rCorr   .            Z - +0 pair of gloves {hurl}
SInv    .            J - +0 pair of boots "Kuyniblafy" {Rampage rC++ rN+}
Will    +....        b - amulet of regeneration Stlth
                     f - +5 ring of evasion
HPRegen 1.31/turn    a - ring of Jirapsai {*Corrode Fly Str+2 Dex+5}
MPRegen 0.14/turn

%: corrode self (3%), reflection, rampage
@: berserking, flying, very quick
A: horns 3, icy blue scales 2, powered by pain 2, augmentation 1
a: Renounce Religion, Berserk, Trog's Hand, Brothers in Arms


You were on level 2 of the Shoals.
You worshipped Trog.
Trog was exalted by your worship.
You visited 5 branches of the dungeon, and saw 23 of its levels.
You also visited: Ossuary.

You collected 2813 gold pieces.
You spent 1156 gold pieces at shops.

Inventory:

Hand Weapons
 y - the +9 lance "Wyrmbane" (weapon) {slay drac, rPois rF+ rC+ AC+3}
   (You found it on level 6 of the Dungeon)

   AC+3:      It affects your AC (+3).
   rF+:       It protects you from fire.
   rC+:       It protects you from cold.
   rPois:     It protects you from poison
 F - a +3 demon trident of electrocution
Missiles
 j - 2 throwing nets
 O - 3 curare-tipped darts
Armour
 k - +0 fire dragon scales (worn)
 p - a scarf of shadows (worn)
 r - a +1 kite shield of reflection (worn)
 J - the +0 pair of boots "Kuyniblafy" (worn) {Rampage rC++ rN+}
   (You bought it in a shop on level 2 of the Orcish Mines)

   rC++:      It greatly protects you from cold.
   rN+:       It protects you from negative energy.
   Rampage:   It bestows one free step when moving towards enemies.
 Z - a +0 pair of gloves of hurling (worn)
Jewellery
 a - the ring of Jirapsai (right hand) {*Corrode Fly Str+2 Dex+5}
   (You found it on level 13 of the Dungeon)

   [ring of flight]

   Str+2:     It affects your strength (+2).
   Dex+5:     It affects your dexterity (+5).
   Fly:       It grants you flight.
   *Corrode:  It may corrode you when you take damage.
 b - an amulet of regeneration (around neck)
 f - a +5 ring of evasion (left hand)
 W - a ring of wizardry
Wands
 e - a wand of roots (38)
 R - a wand of polymorph (5)
 S - a wand of mindburst (11)
 T - a wand of flame (16)
 U - a wand of acid (2)
Scrolls
 c - 5 scrolls of enchant weapon
 g - a scroll of silence
 i - 4 scrolls of identify
 m - 4 scrolls of brand weapon
 t - 8 scrolls of teleportation
 u - 4 scrolls of vulnerability
 w - 7 scrolls of immolation
 A - 4 scrolls of revelation
 B - 3 scrolls of blinking
 G - a scroll of summoning
 K - 3 scrolls of enchant armour
 L - 2 scrolls of poison
 M - 2 scrolls of fog
 Q - a scroll of torment
 X - 4 scrolls of amnesia
Potions
 d - 4 potions of might
 h - 2 potions of haste
 l - 4 potions of heal wounds
 n - 5 potions of resistance
 o - 2 potions of invisibility
 q - 6 potions of curing
 s - 5 potions of brilliance
 v - 2 potions of mutation
 x - 4 potions of attraction
 z - 5 potions of lignification
 D - 3 potions of enlightenment
 E - 2 potions of cancellation
 H - 3 potions of ambrosia
 I - 2 potions of magic {unknown}
Miscellaneous
 C - a phantom mirror
 V - a phial of floods


   Skills:
 + Level 13.2 Fighting
 - Level 8.4(11.6) Axes
 + Level 12.6(13.6) Polearms
 + Level 11.7 Armour
 + Level 7.1 Dodging
 + Level 11.6 Shields
 + Level 7.1 Evocations


You had 14 spell levels left.
You didn't know any spells.
Your spell library contained the following spells:

 Spells                   Type           Power      Damage    Failure   Level
 Magic Dart               Conj           0%         1d3       80%         1
 Shock                    Conj/Air       0%         1d3       80%         1
 Slow                     Hex            0%         N/A       80%         1
 Lesser Beckoning         Tloc           0%         N/A       91%         2
 Searing Ray              Conj           0%         2d4       91%         2
 Confusing Touch          Hex            0%         N/A       99%         3
 Dazzling Flash           Conj/Hex       0%         N/A       99%         3
 Frozen Ramparts          Ice            0%         1d1       99%         3
 Gell's Gravitas          Tloc           0%         N/A       99%         3
 Sigil of Binding         Hex            0%         N/A       99%         3
 Swiftness                Air            0%         N/A       99%         3
 Teleport Other           Tloc           0%         N/A       99%         3
 Vampiric Draining        Necr           0%         2d6       99%         3
 Airstrike                Air            0%         2d(0-16)  100%        4
 Fulminant Prism          Conj/Hex       0%         3d5       100%        4
 Petrify                  Tmut/Erth      0%         N/A       100%        4
 Agony                    Necr           0%         N/A       100%        5
 Alistair's Intoxication  Tmut/Pois      0%         N/A       100%        5
 Borgnjor's Vile Clutch   Necr/Erth      0%         N/A       100%        5
 Iskenderun's Battlesphe  Conj           0%         2d6       100%        5
 Metabolic Englaciation   Hex/Ice        0%         N/A       100%        5
 Silence                  Hex/Air        0%         N/A       100%        5
 Eringya's Noxious Bog    Tmut/Pois      0%         4d6       100%        6
 Leda's Unmaking          Conj/Erth      0%         9d1       100%        6
 Spellforged Servitor     Conj/Summ      0%         N/A       100%        7


Dungeon Overview and Level Annotations

Branches:
Dungeon (13/15)            Temple (1/1) D:5            Lair (5/5) D:9
 Shoals (2/4) Lair:2        Snake (0/4) Lair:3        Slime (0/5) Lair:4
    Orc (2/2) D:12            Elf (0/3) Orc:2        Vaults (0/5) D:13
Ossuary (visited)

Altars:
Ashenzari
Cheibriados
Dithmenos
Fedhas
Gozag
Hepliaklqana
Kikubaaqudgha
Makhleb
Nemelex Xobeh
Okawaru
Qazlal
Ru
Sif Muna
Trog
Uskayaw
Vehumet
Wu Jian
Xom
Yredelemnul
Jiyva

Shops:
D:9 ?   Orc:2 *!?[!   Shoals:1 (

Portals:
Hell: Lair:5


Innate Abilities, Weirdness & Mutations

You have a pair of large horns on your head.
You are mostly covered in icy blue scales. (AC +3)
You sometimes gain power by taking damage.
Your magical and physical power is slightly enhanced at high health.


Message History

Press: ? - help, Dir - move target, f/p - merfolk
Aim: a merfolk, wielding a +0 trident and quivering boomerangs (severely wounded, about 26% to evade the +9 lance "Wyrmbane")
You reach to attack!
You impale the merfolk!!
You kill the merfolk!
Trog accepts your kill.
The merfolk javelineer throws a silver javelin.
The silver javelin pierces through you!
* * * LOW HITPOINT WARNING * * *
The silver sears you!
* * * LOW HITPOINT WARNING * * *
You take 11 damage, and have 11/186 hp.
Reach: y) +9 lance "Wyrmbane" {slay drac, rPois rF+ rC+ AC+3}
Press: ? - help, Dir - move target, f - merfolk javelineer
Aim: a merfolk javelineer, wielding a +0 spear, wearing a +0 leather armour and quivering silver javelins (about 26% to evade the +9 lance "Wyrmbane")
You reach to attack!
You closely miss the merfolk javelineer.
Reach: y) +9 lance "Wyrmbane" {slay drac, rPois rF+ rC+ AC+3}
Press: ? - help, Dir - move target, f/p - merfolk javelineer
Aim: a merfolk javelineer, wielding a +0 spear, wearing a +0 leather armour and quivering silver javelins (about 26% to evade the +9 lance "Wyrmbane")
You reach to attack!
You barely miss the merfolk javelineer.
Reach: y) +9 lance "Wyrmbane" {slay drac, rPois rF+ rC+ AC+3}
Press: ? - help, Dir - move target, f/p - merfolk javelineer
Aim: a merfolk javelineer, wielding a +0 spear, wearing a +0 leather armour and quivering silver javelins (about 26% to evade the +9 lance "Wyrmbane")
You reach to attack!
You impale the merfolk javelineer!!
The merfolk javelineer is moderately wounded.
The merfolk javelineer throws a silver javelin.
The silver javelin pierces through you!
* * * LOW HITPOINT WARNING * * *
The silver sears you!
* * * LOW HITPOINT WARNING * * *
You take 11 damage, and have 1/186 hp.
Reach: y) +9 lance "Wyrmbane" {slay drac, rPois rF+ rC+ AC+3}
Press: ? - help, Dir - move target, f/p - merfolk javelineer
Aim: a merfolk javelineer, wielding a +0 spear, wearing a +0 leather armour and quivering silver javelins (moderately wounded, about 26% to evade the +9 lance "Wyrmbane")
Okay, then.
You barely miss the merfolk javelineer.
The merfolk javelineer is moderately wounded.
The merfolk javelineer throws a silver javelin.
The silver javelin pierces through you.
You die...

≈≈~~..<.t~~~~~~
~~~.....m~~~~~~
~...)..t~~~~~~~~≈≈≈≈≈≈≈≈≈
~....#..≈≈~~~~~~~~~~≈≈≈≈≈≈
~..###..~≈(~~~~~~~~~~~≈≈≈≈≈≈≈
~.. #.~≈≈~~~~~~~~~~~~~~~~~~≈≈
≈.
..~≈~~~~~~)~~~~~~~~~~~~~≈≈≈≈
....~~~~~~~m.~~~~~~~~~~~~~≈≈≈
...~~~~~~~~~)@.~~~~~~...~~~≈≈≈
≈≈~~.##..~~~~~...~~~≈≈≈ ≈~~~
#.....~..#..~~≈≈≈ ≈~~
~.....#.......~~≈≈≈ ≈~
~≈~~..####.....~[≈≈≈ ~ ~~~~~.#
##.~~~~~≈≈≈ ~...~##
##.~~~~)≈≈≈
~.#...####..~~~≈≈≈≈≈
..~~.....~~~≈≈≈≈≈≈


You could see a merfolk javelineer.

Vanquished Creatures
  Nikola (Shoals:1)
  Donald (Orc:2)
  A dire elephant (Lair:5)
  A merfolk javelineer (Shoals:1)
  A merfolk impaler (Shoals:2)
  Erolcha (D:11)
  5 ogre magi
  3 hydras
  A death knight (D:13)
  A boulder beetle (D:8)
  A merfolk avatar (Shoals:2)
  3 centaur warriors
  19 two-headed ogres
  A satyr (Shoals:1)
  A tengu warrior (D:13)
  16 death yaks
  A sun demon (Lair:5)
  3 skysharks
  A skeletal warrior (D:13)
  Amaemon (Lair:2)
  2 sea snakes (Shoals:1)
  A lindwurm (Lair:5)
  An orc sorcerer (Orc:1)
  3 orc knights
  A wizard (Lair:5)
  A deep elf pyromancer (D:13)
  A necromancer (Lair:3)
  3 fauns (Shoals:1)
  4 ugly things
  3 manticores
  8 elephants
  5 cyclopes
  A merfolk siren (Shoals:2)
  Maurice (Orc:2)
  A torpor snail (Lair:5)
  4 black mambas
  4 centaur skeletons (D:13)
  Jeremiah (D:9)
  Maggie (D:9)
  14 cane toads
  3 orange demons
  A cane toad (shapeshifter) (D:8)
  3 kobold demonologists
  An efreet (D:13)
  10 komodo dragons
  4 rime drakes
  Psyche (D:11)
  A tengu conjurer (D:13)
  9 trolls
  An ice devil (Lair:5)
  6 merfolk
  A meliai (D:8)
  3 red devils (Lair:5)
  A hornet (D:8)
  3 polar bears
  22 dream sheep
  A hellwing (Lair:5)
  A wind drake (Shoals:1)
  Grinder (D:6)
  21 blink frogs
  A snapping turtle (Shoals:1)
  6 slime creatures
  4 shadows
  A wraith (D:11)
  3 wyverns (D:9)
  42 yaks
  A vampire (D:12)
  3 basilisks
  Grum (D:11)
  A steam dragon (D:8)
  2 vampire mosquitoes (D:11)
  3 wargs
  4 hell hounds (Lair:5)
  10 water moccasins
  A swamp drake (D:9)
  9 orc warriors
  An ice beast (D:3)
  A black bear (Lair:2)
  9 centaurs
  26 ogres
  14 wolves
  6 kobold brigands
  12 bullfrogs
  A gnoll sergeant (D:12)
  3 scorpions
  4 wights (D:7)
  11 killer bees
  A troll zombie (D:12)
  6 howler monkeys
  6 electric eels
  2 centaur zombies (Ossuary)
  2 jellies
  3 hounds
  7 orc priests
  Crazy Yiuf (D:3)
  A sleepcap (D:7)
  4 iguanas
  21 orc wizards
  A yak simulacrum (Lair:3)
  4 wolf simulacra (Lair:3)
  4 polar bear simulacra (Lair:3)
  5 ogre zombies (D:12)
  3 mummies (Ossuary)
  7 gnolls
  13 adders
  A shadow imp (D:7)
  A white imp (D:7)
  2 ufetubi
  6 dart slugs
  40 orcs
  7 bats
  5 endoplasms
  6 giant cockroaches
  2 gnoll zombies (Ossuary)
  12 goblins
  12 hobgoblins
  6 quokkas
  6 ball pythons
  5 frilled lizards
  A goblin skeleton (D:12)
  4 goblin zombies
  3 hobgoblin skeletons (D:12)
  2 hobgoblin zombies (D:12)
  21 kobolds
  A kobold zombie (Ossuary)
  3 orc skeletons (D:12)
  9 orc zombies
  7 rats
  2 river rat simulacra (Lair:3)
652 creatures vanquished.

Vanquished Creatures (others)
  A faun (Shoals:1)
  A centaur (Shoals:1)
  A killer bee (D:10)
3 creatures vanquished.

Grand Total: 655 creatures vanquished

Notes
Turn   | Place    | Note
-------+----------+-------------------------------------------
     0 | D:1      | Dirtsage the Demonspawn Berserker began the quest for the
                  | Orb.
     0 | D:1      | Reached XP level 1. HP: 18/18 MP: 1/1
    81 | D:1      | Gained mutation: You are partially covered in icy blue
                  | scales. (AC +2) [demonic ancestry]
    81 | D:1      | Reached XP level 2. HP: 18/24 MP: 2/2
   352 | D:1      | You fall into a shaft and drop 1 floor!
   503 | D:1      | Gained mutation: You have a pair of small horns on your
                  | head. [demonic ancestry]
   503 | D:1      | Reached XP level 3. HP: 29/29 MP: 3/3
   580 | D:1      | Reached ** piety under Trog
  1040 | D:2      | Gained mutation: You are mostly covered in icy blue scales.
                  | (AC +3) [demonic ancestry]
  1040 | D:2      | Reached XP level 4. HP: 34/35 MP: 4/4
  1539 | D:3      | Noticed an ice beast
  1585 | D:3      | Reached skill level 5 in Axes
  1667 | D:3      | Gained mutation: You sometimes gain a little power by
                  | taking damage. [demonic ancestry]
  1667 | D:3      | Reached XP level 5. HP: 40/41 MP: 5/5
  1696 | D:3      | Killed an ice beast
  1907 | D:3      | Reached XP level 6. HP: 46/47 MP: 6/6
  1962 | D:3      | Found a runed translucent door.
  1963 | D:3      | Noticed Crazy Yiuf
  1970 | D:3      | Killed Crazy Yiuf
  2571 | D:4      | Reached *** piety under Trog
  2624 | D:4      | Identified the +3 buckler of Faehitam {Int+3 Dex+2}
  2700 | D:4      | Found a stormy altar of Qazlal.
  2701 | D:4      | Found a basalt altar of Yredelemnul.
  2701 | D:4      | Found a shimmering blue altar of Sif Muna.
  3333 | D:5      | Entered Level 5 of the Dungeon
  3445 | D:5      | Gained mutation: You sometimes gain power by taking damage.
                  | [demonic ancestry]
  3445 | D:5      | Reached XP level 7. HP: 52/52 MP: 7/7
  3496 | D:5      | Reached skill level 1 in Shields
  3694 | D:5      | Identified the +5 falchion of Watchfulness {flame, rElec
                  | rN+ Str+5 Dex-5}
  3763 | D:5      | Found a staircase to the Ecumenical Temple.
  3776 | Temple   | Entered the Ecumenical Temple
  4601 | D:6      | Reached skill level 4 in Fighting
  4758 | D:6      | Noticed Grinder
  4759 | D:6      | Paralysed by Grinder for 2 turns
  4765 | D:6      | Found the +8 lance "Wyrmbane" {slay drac, rPois rF+ rC+
                  | AC+3}
  4776 | D:6      | Killed Grinder
  4777 | D:6      | Gained mutation: You have a pair of horns on your head.
                  | [demonic ancestry]
  4777 | D:6      | Reached XP level 8. HP: 60/60 MP: 8/8
  4921 | D:6      | Reached skill level 1 in Polearms
  5094 | D:7      | Found a sand-covered staircase.
  5103 | Ossuary  | Entered an ossuary
  5518 | D:7      | Reached **** piety under Trog
  5959 | D:8      | Noticed a two-headed ogre
  6085 | D:8      | Gained mutation: You have a pair of large horns on your
                  | head. [demonic ancestry]
  6085 | D:8      | Reached XP level 9. HP: 55/66 MP: 9/9
  6101 | D:8      | Killed a two-headed ogre
  6102 | D:8      | Reached skill level 5 in Fighting
  6102 | D:8      | Reached skill level 5 in Polearms
  6202 | D:8      | Noticed a cane toad
  6207 | D:8      | Killed a cane toad
  6360 | D:8      | Noticed a meliai
  6368 | D:8      | Killed a meliai
  6447 | D:8      | Noticed a centaur warrior
  6454 | D:8      | Killed a centaur warrior
  6455 | D:8      | Reached skill level 6 in Fighting
  6455 | D:8      | Reached XP level 10. HP: 50/76 MP: 10/10
  6471 | D:8      | Noticed an eight-headed hydra
  6483 | D:8      | Killed an eight-headed hydra
  6489 | D:8      | Noticed a boulder beetle
  6500 | D:8      | Killed a boulder beetle
  6501 | D:8      | Reached skill level 5 in Armour
  6501 | D:8      | Reached skill level 5 in Shields
  6553 | D:8      | Noticed a white ugly thing
  6555 | D:8      | Noticed a cyclops
  6557 | D:8      | Noticed a cyclops
  6561 | D:8      | Killed a white ugly thing
  6565 | D:8      | Killed a cyclops
  6571 | D:8      | Killed a cyclops
  6572 | D:8      | Reached skill level 7 in Fighting
  6792 | D:8      | Paralysed by a hornet for 2 turns
  7039 | D:9      | Found Unowur's Magic Scroll Shop.
  7043 | D:9      | Bought a scroll of identify for 26 gold pieces
  7043 | D:9      | Bought a scroll of enchant armour for 97 gold pieces
  7043 | D:9      | Bought a scroll of teleportation for 39 gold pieces
  7043 | D:9      | Bought a scroll of poison for 52 gold pieces
  7043 | D:9      | Bought a scroll of identify for 26 gold pieces
  7043 | D:9      | Bought a scroll of fog for 52 gold pieces
  7043 | D:9      | Bought a scroll of teleportation for 39 gold pieces
  7043 | D:9      | Bought a scroll of identify for 26 gold pieces
  7236 | D:9      | Noticed Jeremiah
  7240 | D:9      | Reached XP level 11. HP: 62/84 MP: 11/11
  7254 | D:9      | Killed Jeremiah
  7339 | D:9      | Found a staircase to the Lair.
  7401 | D:9      | Noticed Maggie
  7411 | D:9      | Killed Maggie
  7534 | D:9      | Reached ***** piety under Trog
  7651 | D:9      | Found an ornate altar of the Wu Jian Council.
  7831 | D:10     | Entered Level 10 of the Dungeon
  8137 | D:10     | Noticed a two-headed ogre
  8141 | D:10     | Killed a two-headed ogre
  8142 | D:10     | Reached skill level 8 in Fighting
  8760 | D:11     | Noticed Erolcha
  8768 | D:11     | Killed Erolcha
  8796 | D:11     | Noticed Psyche
  8802 | D:11     | Killed Psyche
  8861 | D:11     | Reached skill level 10 in Polearms
  9112 | D:11     | Noticed Grum
  9133 | D:11     | Killed Grum
  9574 | Lair:1   | Entered Level 1 of the Lair of Beasts
  9739 | Lair:1   | Reached XP level 12. HP: 84/94 MP: 12/12
 10012 | Lair:1   | You fall into a shaft and drop 1 floor!
 10012 | Lair:2   | Found a staircase to the Shoals.
 10028 | Lair:2   | Noticed a death yak
 10055 | Lair:2   | Killed a death yak
 10160 | Lair:2   | Noticed a death yak
 10160 | Lair:2   | Noticed a death yak
 10160 | Lair:2   | Noticed a death yak
 10164 | Lair:2   | Noticed a death yak
 10184 | Lair:2   | Killed a death yak
 10185 | Lair:2   | Reached skill level 9 in Fighting
 10188 | Lair:2   | Killed a death yak
 10201 | Lair:2   | Killed a death yak
 10212 | Lair:2   | Killed a death yak
 10488 | Lair:2   | Noticed Amaemon
 10499 | Lair:2   | Killed Amaemon
 10679 | Lair:2   | Reached skill level 10 in Fighting
 11704 | Lair:3   | Received a gift from Trog
 11721 | Lair:2   | Reached XP level 13. HP: 104/104 MP: 13/13
 11957 | Lair:3   | Reached skill level 11 in Fighting
 12189 | Lair:3   | Found a staircase to the Snake Pit.
 12518 | Lair:3   | Identified the +0 helmet of Suwac {Drain Int+5 Dex+2 SInv}
 12769 | Lair:4   | Reached skill level 1 in Evocations
 12931 | Lair:4   | Found a staircase to the Slime Pits.
 12932 | Lair:4   | Found a viscous altar of Jiyva.
 13249 | Lair:4   | Received a gift from Trog
 13273 | Lair:4   | Reached skill level 10 in Shields
 13448 | Lair:4   | Reached skill level 10 in Armour
 13967 | Lair:5   | Entered Level 5 of the Lair of Beasts
 14276 | Lair:5   | Gained mutation: Your magical and physical power is
                  | slightly enhanced at high health. [demonic ancestry]
 14276 | Lair:5   | Reached XP level 14. HP: 114/114 MP: 14/14
 14840 | Lair:5   | Reached skill level 12 in Fighting
 15332 | Lair:5   | Found a burning altar of Makhleb.
 15378 | Lair:5   | Reached skill level 5 in Dodging
 15442 | Lair:5   | Found a gateway to Hell.
 16171 | D:12     | Reached skill level 5 in Evocations
 16242 | D:12     | Found a staircase to the Orcish Mines.
 16342 | D:12     | Reached ****** piety under Trog
 16844 | Orc:1    | Entered Level 1 of the Orcish Mines
 16935 | Orc:2    | Entered Level 2 of the Orcish Mines
 17024 | Orc:2    | Paralysed by something for 3 turns
 17521 | Orc:2    | Reached XP level 15. HP: 121/122 MP: 15/15
 17525 | Orc:2    | Paralysed by an ogre mage for 3 turns
 17643 | Orc:2    | Received a gift from Trog
 17730 | Orc:2    | Found Jorisiaq's Magic Scroll Shoppe.
 17730 | Orc:2    | Found Ystroghoa's Armour Boutique.
 17731 | Orc:2    | Found Fuhemia's Assorted Antiques.
 17731 | Orc:2    | Found Fyituomp's Distillery.
 17806 | Orc:2    | Bought a potion of curing for 48 gold pieces
 17806 | Orc:2    | Bought a potion of heal wounds for 80 gold pieces
 17806 | Orc:2    | Bought a potion of curing for 48 gold pieces
 17806 | Orc:2    | Bought a potion of curing for 48 gold pieces
 17809 | Orc:2    | Bought the +0 pair of boots "Kuyniblafy" {Rampage rC++ rN+}
                  | for 431 gold pieces
 17863 | Orc:2    | Noticed Donald
 17880 | Orc:2    | Killed Donald
 18163 | Orc:2    | Noticed Maurice
 18172 | Orc:2    | Killed Maurice
 18180 | Orc:2    | Found a staircase to the Elven Halls.
 18327 | Orc:2    | Found Xaol's Distillery.
 18530 | Orc:2    | Bought a runed scarf for 144 gold pieces
 19034 | D:13     | Received a gift from Trog
 19504 | D:13     | Found a gate to the Vaults.
 19521 | D:13     | Identified the ring of Jirapsai {*Corrode Fly Str+2 Dex+5}
 19837 | D:13     | Reached skill level 13 in Fighting
 20093 | Shoals:1 | Entered Level 1 of the Shoals
 20305 | Shoals:1 | Noticed Nikola
 20328 | Shoals:1 | Killed Nikola
 20754 | Shoals:1 | Found Wimeeh Riaro's Antique Weapon Shop.
 21243 | Shoals:2 | Received a gift from Trog
 21386 | Shoals:2 | HP: 4/186 [merfolk javelineer/silver javelin (9)]
 21386 | Shoals:2 | HP: 1/186 [merfolk javelineer/silver javelin (3)]
 21388 | Shoals:2 | Hit by a silver javelin thrown by a merfolk javelineer

Illustrated notes

Levels and vault maps discovered:
D:1:      saegor_arrival_simple_a, layout_loops_ring, grunt_decor_arrowhead,
          glass_columns_a
D:2:      layout_basic
D:3:      layout_rooms, uniq_crazy_yiuf_cottage
D:4:      minmay_diamond_boxcup, layout_basic, grunt_temple_overflow_open
D:5:      lemuel_ice_spiral_2, layout_basic, minmay_temple_entry_poolview
D:6:      layout_basic, uniq_grinder
D:7:      layout_cave_pods, nicolae_ossuary_entry_monument,
          minmay_misc_feat_secret_circle
D:8:      layout_rooms, minmay_the_grid_2x2 [minmay_the_grid_fan,
          minmay_the_grid_dragon_a, minmay_the_grid_mess,
          minmay_the_grid_prize_big_room]
D:9:      layout_roguey, mainiacjoe_overflow_brackets, erik_lair_dragon,
          serial_shops, shop, minmay_circle_x, uniq_maggie, uniq_jeremiah
D:10:     layout_basic
D:11:     layout_basic, uniq_grum, uniq_psyche, uniq_erolcha
D:12:     layout_small_grid, zombieorc1_lemuel
D:13:     layout_irregular_city, hangedman_vaults_entry_quadrant_bands
Temple:   minmay_temple_bridge_d
Lair:1:   layout_small_grid, lemuel_fruit_fields, infiniplex_staircase_pool_2
Lair:2:   layout_cellular_growth, shoals_dummy_entry, grunt_megastairs_1,
          uniq_amaemon
Lair:3:   layout_chaotic_city, dummy_snake_entry, eino_house_with_fridge,
          lemuel_fruit_fields
Lair:4:   layout_small_grid, slime_entry_1, nicolae_lair_grazing_beasts
          [nicolae_sub_lair_graze_edge, nicolae_sub_lair_graze_edge,
          nicolae_sub_lair_graze_edge, nicolae_sub_lair_graze_edge]
Lair:5:   evil_forest, layout_gridlike
Shoals:1: cheibrodos_shoals_satyrical_garden, layout_shoals, serial_shops, shop,
          uniq_nikola
Shoals:2: layout_shoals, nicolae_shoals_hunting_party
Orc:1:    layout_diamond_mine
Orc:2:    st_orc_ogre_mass, layout_diamond_mine, serial_shops, shop_fountains,
          uniq_donald, uniq_maurice

Skill      XL: |  1  2  3  4  5  6  7  8  9 10 11 12 13 14 15 |
---------------+----------------------------------------------+-----
Axes           | 3 4 5 6 7 8 |  8.4
Shields        | 2 3 4 6 7 9 10 11 | 11.6
Fighting       | 4 6 7 8 10 11 12 13 | 13.2
Polearms       | 4 6 8 10 11 12 | 12.6
Armour         | 2 4 5 7 9 10 11 | 11.7
Dodging        | 3 5 7 |  7.1
Evocations     | 3 5 7 |  7.1

Action                     |  1- 3 |  4- 6 |  7- 9 | 10-12 | 13-15 || total
---------------------------+-------+-------+-------+-------+-------++-------
  Melee: Hand axe          |   116 |   195 |    84 |       |       ||   395
         Headbutt          |     9 |    31 |    35 |   130 |   300 ||   505
         Punch             |     1 |     5 |       |       |       ||     6
         War axe           |       |       |     8 |       |       ||     8
         Lance             |       |       |   146 |   679 |  1422 ||  2247
 Invoke: Berserk           |       |     4 |     5 |     7 |     7 ||    23
         Trog's Hand       |       |       |     2 |     2 |     3 ||     7
    Use: Scroll            |       |       |     6 |    14 |     7 ||    27
         Potion            |       |       |     2 |     1 |     2 ||     5
   Stab: Sleeping          |     3 |     1 |       |       |       ||     4
         Distracted        |       |     1 |       |       |       ||     1
         Invisible         |       |       |     3 |       |     5 ||     8
         Held in net/web   |       |       |       |       |     1 ||     1
 Armour: Animal skin       |    47 |    37 |       |       |       ||    84
         Fire dragon scale |       |    51 |    94 |   191 |   338 ||   674
  Dodge: Dodged            |    82 |   143 |   107 |   196 |   329 ||   857
  Block: Buckler           |       |    11 |    58 |   260 |   306 ||   635
         Reflection        |       |       |       |     7 |    32 ||    39
         Kite shield       |       |       |       |       |   130 ||   130

Table legend: (Time is in decaauts)
 A = Elapsed time spent in this place.
 B = Non-inter-level travel time spent in this place.
 C = Inter-level travel time spent in this place.
 D = Time resting spent in this place.
 E = Time spent auto-exploring this place.
 F = Levels seen in this place.
 G = Mean time per level.
                   A        B        C        D        E       F      G
               +--------+--------+--------+--------+--------+-----+--------+
         Total |  20653 |  19112 |   1541 |   1558 |  14154 |  24 |  860.5 |
       Dungeon |  11491 |  10568 |    923 |    592 |   8171 |  13 |  883.9 |
        Temple |      1 |      1 |      0 |      0 |      0 |   1 |    1.0 |
          Lair |   5796 |   5442 |    354 |    343 |   4081 |   5 | 1159.2 |
        Shoals |   1233 |   1177 |     56 |    136 |    872 |   2 |  616.5 |
  Orcish Mines |   1907 |   1700 |    207 |    487 |    885 |   2 |  953.5 |
       Ossuary |    223 |    223 |      0 |      0 |    145 |   1 |  223.0 |
               +--------+--------+--------+--------+--------+-----+--------+

Top non-repeatable levels by time:
  Lair:2: 1670 daAuts
  Lair:4: 1481 daAuts
  Lair:5: 1325 daAuts
   Orc:2: 1126 daAuts
     D:4: 1084 daAuts
Shoals:1: 1070 daAuts
     D:5: 1054 daAuts
    D:12: 1000 daAuts
     D:8: 995 daAuts
     D:9: 986 daAuts
    D:11: 975 daAuts
    D:13: 955 daAuts
     D:2: 895 daAuts
  Lair:3: 852 daAuts
   Orc:1: 780 daAuts
